 Dungeon Crawl Stone Soup version 0.30-a0-913-g9934a0ce24 (webtiles) character file.

Game seed: 4816621247191293974

48 gelatine the Ducker (level 3, -5/27 HPs)
             Began as a Demonspawn Gladiator on Mar 19, 2023.
             Slain by Grinder (8 damage)
             ... on level 3 of the Dungeon.
             The game lasted 00:03:43 (1391 turns).

gelatine the Ducker (Demonspawn Gladiator)          Turns: 1391, Time: 00:03:44

Health: -5/27      AC:  3    Str: 14    XL:     3   Next: 50%
Magic:  3/3        EV: 13    Int: 11    God:
Gold:   74         SH:  0    Dex: 17    Spells: 2/2 levels left

rFire   . . .      SeeInvis .    a - +0 war axe
rCold   + . .      Faith    .    j - orb {light}
rNeg    . . .      Spirit   .    r - +0 robe "Vuoruiso" {rC+ rCorr Dex+3 Archmagi}
rPois   .          Reflect  .    c - +0 helmet
rElec   .          Rampage  .    (no cloak)
rCorr   +          Archmagi +    (no gloves)
Will    .....                    (no boots)
Stlth   +                        (no amulet)
HPRegen 0.24/turn                (no ring)
MPRegen 0.08/turn                (no ring)

@: attractive, glowing
A: ignite blood 1, powered by death 1
a: no special abilities


You were on level 3 of the Dungeon.
You visited 1 branch of the dungeon, and saw 3 of its levels.

You collected 74 gold pieces.

Inventory:

Hand Weapons
 a - a +0 war axe (weapon)
Missiles
 m - 7 poisoned darts (quivered)
Armour
 b - a +0 leather armour
 c - a +0 helmet (worn)
 j - an orb of light (worn)
 r - the +0 robe "Vuoruiso" (worn) {rC+ rCorr Dex+3 Archmagi}
   (You found it on level 2 of the Dungeon)

   Dex:       It affects your dexterity (+3).
   rC:        It protects you from cold.
   rCorr:     It protects you from acid and corrosion.
   Archmagi:  It increases the power of your magical spells.
Scrolls
 f - a scroll of fear {unknown}
 h - 2 scrolls of teleportation {unknown}
 i - a scroll of vulnerability {unknown}
 k - a scroll of identify {unknown}
 n - a scroll of enchant weapon {unknown}
 q - a scroll of silence {unknown}
 t - a scroll of poison {unknown}
 v - a scroll of blinking {unknown}
 w - a scroll of magic mapping {unknown}
 x - a scroll of summoning {unknown}
Potions
 p - a potion of brilliance {unknown}
 s - a potion of haste {unknown}
 u - a potion of flight {unknown}
 z - a potion of invisibility {unknown}


   Skills:
 * Level 2.0 Fighting
 + Level 3.3 Axes
 + Level 1.7 Throwing
 * Level 0.6 Armour
 * Level 3.4 Dodging


You had 2 spell levels left.
You didn't know any spells.
Your spell library contained the following spells:

 Spells                   Type           Power      Damage    Failure   Level
 Call Canine Familiar     Summ           0%         N/A       71%         3
 Portal Projectile        Hex/Tloc       0%         N/A       71%         3
 Leda's Liquefaction      Hex/Erth       0%         N/A       98%         4


Dungeon Overview and Level Annotations

Branches:
Dungeon (3/15)

Altars:
Hepliaklqana

Annotations:
D:3 Grinder


Innate Abilities, Weirdness & Mutations

Your demonic aura sometimes causes spilled blood to erupt in flames.
You regenerate a little health from kills.


Message History

Grinder gestures at you.
You suddenly lose the ability to move!
Grinder gestures at you. Pain shoots through your body!
* * * LOW HITPOINT WARNING * * *
You can move again.
It was a potion of magic.
Magic courses through your body.
It was a potion of attraction.
You feel attractive to monsters. Grinder gestures at you.
You barely resist. You slash Grinder!
Grinder is moderately wounded.
Grinder blinks!
It was a potion of ambrosia.
You are confused.
You feel invigorated. Grinder closely misses you.
Grinder blinks!
Grinder is attracted toward you.
You hit Grinder.
Grinder is heavily wounded.
Grinder gestures at you.
You suddenly lose the ability to move!
Grinder hits you but does no damage. Grinder hits you!
You writhe in agony.
Grinder completely misses you. Grinder hits you!
You writhe in agony.
You can move again.
You bump into the rock wall.
You feel less invigorated.
You feel less confused. Grinder hits you.
You writhe in agony.
* * * LOW HITPOINT WARNING * * *
You hit Grinder.
Grinder is heavily wounded.
Grinder hits you.
* * * LOW HITPOINT WARNING * * *
Grinder blinks!
Grinder is attracted toward you.
You hit Grinder.
Grinder is severely wounded.
Grinder hits you!
You die...

################
...[....<.......
######.....####
#.......#
#.......#
#.......#
##@....##
#..5....#
.......(.#
###(.(.?.ยง#
#.........
#[#.....###
#...#.### ##
...#


You could see Grinder.

Vanquished Creatures
  2 adders (D:2)
  A ball python (D:1)
  3 bats
  An endoplasm (D:2)
  2 giant cockroaches (D:1)
  2 goblins
  5 hobgoblins
  3 jackals (D:1)
  A quokka (D:2)
  A frilled lizard (D:2)
  4 kobolds
  2 rats
27 creatures vanquished.

Notes
Turn   | Place    | Note
-------+----------+-------------------------------------------
     0 | D:1      | gelatine the Demonspawn Gladiator began the quest for the
                  | Orb.
     0 | D:1      | Reached XP level 1. HP: 16/16 MP: 1/1
   218 | D:1      | Gained mutation: Your demonic aura sometimes causes spilled
                  | blood to erupt in flames. [demonic ancestry]
   218 | D:1      | Reached XP level 2. HP: 20/22 MP: 2/2
   654 | D:2      | Found a hazy altar of Hepliaklqana.
   806 | D:2      | Identified the +0 robe "Vuoruiso" {rC+ rCorr Dex+3
                  | Archmagi}
   920 | D:2      | Gained mutation: You regenerate a little health from kills.
                  | [demonic ancestry]
   920 | D:2      | Reached XP level 3. HP: 26/27 MP: 3/3
  1337 | D:2      | Identified the +0 pair of gloves "Duefif" {*Corrode rElec
                  | Dex+3}
  1362 | D:3      | Noticed Grinder
  1375 | D:3      | Paralysed by Grinder for 4 turns
  1384 | D:3      | Paralysed by Grinder for 5 turns
  1391 | D:3      | Slain by Grinder

Illustrated notes

Levels and vault maps discovered:
D:1:      evilmike_arrival_hilbert_curve, layout_basic
D:2:      layout_loops_ring, basic_altar
D:3:      layout_rooms, mainiacjoe_overflow_alcove_1, vehumet_crystals,
          serial_shops, nicolae_shop_stone, shapermc_ecumenical_altar_petra,
          serial_park_tiny_2, uniq_grinder, uniq_sigmund, uniq_ijyb

Skill      XL: |  1  2 |
---------------+-------+-----
Dodging        | 3 |  3.4
Axes           | 3 |  3.3
Fighting       | |  2.0
Throwing       | |  1.7
Armour         | |  0.6

Action                     || total
---------------------------++-------
  Melee: War axe           ||    66
  Throw: Throwing net      ||     3
         Javelin           ||     1
    Use: Potion            ||     3
 Armour: Leather armour    ||     8
         Robe              ||    10
  Dodge: Dodged            ||    60

Table legend: (Time is in decaauts)
 A = Elapsed time spent in this place.
 B = Non-inter-level travel time spent in this place.
 C = Inter-level travel time spent in this place.
 D = Time resting spent in this place.
 E = Time spent auto-exploring this place.
 F = Levels seen in this place.
 G = Mean time per level.
                   A        B        C        D        E       F      G
               +--------+--------+--------+--------+--------+-----+--------+
         Total |   1413 |   1379 |     34 |      0 |   1070 |   3 |  471.0 |
       Dungeon |   1413 |   1379 |     34 |      0 |   1070 |   3 |  471.0 |
               +--------+--------+--------+--------+--------+-----+--------+

Top non-repeatable levels by time:
     D:2: 740 daAuts
     D:1: 643 daAuts
     D:3: 29 daAuts
